 Dungeon Crawl Stone Soup version 0.26-a0-949-ga0cc1ef5f6 (webtiles) character file.

Game seed: 11472376218563133834

72010 miscthings the Whirler (level 15, -15/103 HPs)
             Began as a Halfling Hunter on Nov 28, 2020.
             Was the Champion of Okawaru.
             Demolished by a catoblepas (65 damage)
             ... on level 6 of the Lair of Beasts.
             The game lasted 00:59:48 (27831 turns).

miscthings the Whirler (Halfling Hunter)           Turns: 27831, Time: 00:59:48

Health: -15/103    AC: 27    Str: 15    XL:     15   Next: 84%
Magic:  21/22      EV: 21    Int: 12    God:    Okawaru [******]
Gold:   883        SH:  0    Dex: 13    Spells: 14/14 levels left

rFire    . . .     SeeInvis .   e - +1 hunting sling (freeze)
rCold    + + .     Faith    .   V - +0 buckler (curse)
rNeg     + . .     Spirit   .   R - +7 Kryia's mail coat {PotionHeal*2 rC+}
rPois    .         Reflect  .   L - +2 hat {MR+}
rElec    +         Harm     .   y - +1 cloak
rCorr    .         Rampage  .   x - +0 pair of gloves
MR       ++...                  Q - +1 pair of boots "Jetro" {rElec rN+ Dex-4}
Stlth    ++........             F - amulet of regeneration
HPRegen  0.67/turn              Y - +4 ring of slaying
MPRegen  0.18/turn              H - ring of protection from cold

@: sleeping, heroism, studying 2 skills
A: small, mutation resistance 1
a: Heroism, Finesse, Renounce Religion


You were on level 6 of the Lair of Beasts.
You worshipped Okawaru.
Okawaru was exalted by your worship.
You visited 4 branches of the dungeon, and saw 21 of its levels.
You also visited: Bailey and Volcano.

You collected 2223 gold pieces.
You spent 1340 gold pieces at shops.

Inventory:

Hand Weapons
 e - a +1 hunting sling of freezing (weapon)
Missiles
 d - 282 sling bullets (quivered)
 f - 241 stones
 t - 3 curare-tipped darts
 B - a throwing net
Armour
 l - a +1 buckler
 x - a +0 pair of gloves (worn)
 y - a +1 cloak (worn)
 L - a +2 hat of magic resistance (worn)
 M - a +3 scale mail of cold resistance
 Q - the +1 pair of boots "Jetro" (worn) {rElec rN+ Dex-4}
   (You found it on level 1 of the Lair of Beasts)

   It affects your dexterity (-4).
   It insulates you from electricity.
   It protects you from negative energy.
 R - the +7 Kryia's mail coat (worn) {PotionHeal*2 rC+}
   (You bought it in a shop on level 9 of the Dungeon)

   It protects you from cold.
 V - a cursed +0 buckler (worn)
 Z - a +0 leather armour of magic resistance
Jewellery
 b - a +6 ring of intelligence {unknown}
 F - an amulet of regeneration (around neck)
 H - a ring of protection from cold (right hand)
 J - an uncursed amulet of reflection
 T - a cursed ring of ice
 Y - a +4 ring of slaying (left hand)
Wands
 a - a wand of random effects (17)
 C - a wand of acid (6)
 S - a wand of flame (32)
Scrolls
 c - a scroll of vulnerability
 g - 2 scrolls of remove curse
 i - 3 scrolls of fog
 j - 4 scrolls of enchant weapon
 k - 2 scrolls of enchant armour
 p - 2 scrolls of magic mapping
 r - a scroll of silence {unknown}
 K - 2 scrolls of blinking {unknown}
 N - a scroll of summoning
 P - a scroll of holy word
Potions
 h - 3 potions of cancellation
 m - 7 potions of attraction
 n - 2 potions of flight
 o - 7 potions of ambrosia
 q - 5 potions of curing
 u - 7 potions of heal wounds
 w - 3 potions of mutation
 z - a potion of lignification
 D - 3 potions of magic
 E - 3 potions of haste
 I - 4 potions of berserk rage
 O - 2 potions of resistance
 W - 2 potions of brilliance
 X - a potion of might
Books
 v - a manual of Shields
 A - a manual of Shields
 U - a manual of Armour
Miscellaneous
 G - a box of beasts (inert)


   Skills:
 + Level 9.9(14.9) Fighting
 + Level 15.8(20.8) Slings
 + Level 12.7(17.7) Armour
 + Level 11.4(16.4) Dodging
 - Level 1.1(6.1) Stealth
 + Level 10.9(15.9) Shields
 - Level 10.0 Invocations
 - Level 12.0 Evocations


You had 14 spell levels left.
You didn't know any spells.
Your spell library contained the following spells:

 Spells                   Type           Power        Failure   Level
 Corona                   Hex            #......      61%         1
 Ensorcelled Hibernation  Hex/Ice        #.....       75%         2
 Confusing Touch          Hex            #.......     93%         3
 Dazzling Flash           Conj/Hex       #.....       93%         3
 Tukima's Dance           Hex            #.......     93%         3


Dungeon Overview and Level Annotations

Branches:
Dungeon (12/15)            Temple (1/1) D:7            Lair (6/6) D:9
 Shoals (0/4) Lair:3       Spider (0/4) Lair:2        Slime (0/5) Lair:5
    Orc (2/2) D:9             Elf (0/3) Orc:2        Bailey (visited)
Volcano (visited)

Altars:
Ashenzari
Dithmenos
Elyvilon
Fedhas
Gozag
Hepliaklqana
Kikubaaqudgha
Makhleb
Okawaru
Qazlal
Trog
Uskayaw
Vehumet
Xom
The Shining One
Beogh

Shops:
D:8 *   D:9 [}*[   D:10 *[[?   Orc:2 (?!(


Innate Abilities, Weirdness & Mutations

You are small and have problems with some larger weapons.
You are somewhat resistant to further mutation.


Message History

Press: ? - help, Q - select action, (/) - cycle Shift-Dir - straight line, f/p - catoblepas
Aim: a catoblepas (lightly wounded, very poisoned, slow)
You shoot a sling bullet. The sling bullet hits the catoblepas!
The sling bullet freezes the catoblepas.
The catoblepas is moderately wounded.
The catoblepas breathes a plume of calcifying dust at you.
The blast of calcifying dust hits you but does no damage.
The dream sheep ruffles its wool and motes of dream dust sparkle, to no effect.
Your juvenile oxweird beast hits the lindwurm but does no damage.
Your juvenile oxweird beast tramples the lindwurm.
The lindwurm holds its ground!
The lindwurm bites you but does no damage.
The lindwurm claws you. The lindwurm completely misses you.
The dream sheep shake their wool and sparkle.
You feel drowsy...
You fall asleep.
Your juvenile oxweird beast hits the lindwurm.
Your juvenile oxweird beast tramples the lindwurm but does no damage.
The catoblepas gores you!!!
Ouch! That really hurt!
You die...

## .. .... ###.......P.### ...
... #.#.†.........# #(#...
###....#####....# .(.Y.
#...†......#..... #(#.
###P..#.#...##†...
#...###.###.......#.†.#.
#.k.Y..H#...########...
#P..#(#Yk.#....P##.....#.
#.....#§@.......##.......
#.....#####.....##......# #
###.... .......##........ #
##.P.....P######....##. ###
####.P.### #######. [.## ###
######## #### #######..
...###.####..###.###..###........
..##.............................
..##........................#....


You could see a catoblepas (very poisoned, slow), a lindwurm, a dream sheep and
a friendly juvenile oxweird beast (summoned).

Vanquished Creatures
  Gastronok (D:10)
  Snorg (Lair:4)
  A red draconian (Volcano)
  Fannar (Lair:1)
  Erolcha (Orc:1)
  15 hydras
  2 two-headed ogres (D:11)
  A centaur warrior (Volcano)
  2 death yaks (Lair:6)
  2 orc high priests (Orc:2)
  2 unseen horrors
  4 orc knights (Orc:2)
  4 ugly things
  4 oklob plants
  A shining eye (shapeshifter) (D:12)
  4 orc sorcerers (Orc:2)
  A deep elf mage (D:12)
  2 cyclopes
  3 manticores
  Maurice (D:11)
  7 elephants
  2 black mambas
  2 molten gargoyles (Volcano)
  9 cane toads
  11 rime drakes
  2 yaktaurs (Volcano)
  4 komodo dragons
  2 jumping spiders (Lair:2)
  3 meliai (Lair:5)
  A queen bee (Lair:5)
  A wind drake (Lair:3)
  Grinder (D:5)
  3 trolls
  8 blink frogs
  41 yaks
  2 hogs (Lair:5)
  A wraith (D:10)
  2 redbacks (Lair:2)
  11 wyverns
  10 basilisks
  4 fire bats
  A fire elemental (Orc:1)
  4 steam dragons
  A warg (Orc:2)
  An acid dragon (D:10)
  2 soldier ants
  A floating eye (Lair:5)
  11 water moccasins
  A hell hound (Lair:5)
  A phantom (D:12)
  A swamp drake (Lair:6)
  4 ice beasts
  2 black bears
  An eye of draining (D:11)
  3 necrophages
  28 orc warriors
  A sky beast (D:12)
  11 ogres
  2 centaurs (Volcano)
  5 wolves
  2 big kobolds (D:10)
  20 bullfrogs
  2 wyvern zombies (D:11)
  5 scorpions
  A vampire bat (D:3)
  37 killer bees
  10 wights
  5 howler monkeys
  6 lava snakes (Volcano)
  3 centaur zombies
  2 jellies
  3 centaur skeletons
  21 orc priests
  2 bullfrog zombies
  A hound (D:9)
  21 orc wizards
  2 iguanas
  5 hell rats (Lair:5)
  7 worker ants
  A killer bee zombie (D:7)
  A mummy (D:7)
  2 hound zombies
  4 gnolls (D:7)
  A howler monkey skeleton (D:8)
  9 adders
  A shadow imp (D:6)
  2 white imps
  4 ufetubi
  An ooze (D:2)
  An adder zombie (D:7)
  4 worms
  4 leopard geckos
  90 orcs
  5 bats
  2 bat skeletons (D:3)
  3 bat zombies (D:3)
  4 giant cockroaches
  8 goblins
  6 hobgoblins
  8 jackals
  16 kobolds
  5 quokkas
  3 ball pythons
  6 frilled lizards
  A leopard gecko zombie (D:8)
  A quokka skeleton (D:5)
  9 rats
618 creatures vanquished.

Vanquished Creatures (collateral kills)
  Kirke (Lair:5)
  A hydra (Lair:1)
  An orc high priest (Orc:2)
  An orc knight (Bailey)
  4 oklob plants (Lair:5)
  An orc warrior (Bailey)
  A bullfrog (Lair:5)
10 creatures vanquished.

Vanquished Creatures (others)
  Sonja (Lair:3)
  A human (Lair:5)
  An orc wizard (Orc:2)
  81 fungi
  106 plants
190 creatures vanquished.

Grand Total: 818 creatures vanquished

Notes
Turn   | Place    | Note
-------+----------+-------------------------------------------
     0 | D:1      | miscthings the Halfling Hunter began the quest for the Orb.
     0 | D:1      | Reached XP level 1. HP: 14/14 MP: 1/1
    72 | D:1      | Reached skill level 6 in Slings
   223 | D:1      | Reached XP level 2. HP: 18/19 MP: 2/2
   771 | D:2      | Reached skill level 7 in Slings
   771 | D:2      | Reached XP level 3. HP: 24/24 MP: 3/3
   937 | D:2      | Reached XP level 4. HP: 29/29 MP: 4/4
  1055 | D:2      | Reached skill level 8 in Slings
  1191 | D:2      | Found an opulent altar of Gozag.
  1309 | D:2      | Found a stormy altar of Qazlal.
  1693 | D:3      | Found a white marble altar of Elyvilon.
  1805 | D:3      | Found a faded altar of an unknown god.
  2021 | D:3      | Reached skill level 9 in Slings
  2021 | D:3      | Reached XP level 5. HP: 28/34 MP: 5/5
  2221 | D:3      | Found an ancient bone altar of Kikubaaqudgha.
  2229 | D:3      | Reached XP level 6. HP: 37/39 MP: 6/6
  2425 | D:4      | Reached skill level 10 in Slings
  2545 | D:4      | Noticed an ogre
  2559 | D:4      | Killed an ogre
  2560 | D:4      | Reached skill level 11 in Slings
  2560 | D:4      | Reached XP level 7. HP: 44/44 MP: 7/7
  2927 | D:4      | Reached skill level 12 in Slings
  3090 | D:5      | Entered Level 5 of the Dungeon
  3721 | D:5      | Reached XP level 8. HP: 23/49 MP: 8/8
  3868 | D:5      | Reached skill level 13 in Slings
  4243 | D:5      | Noticed Grinder
  4261 | D:5      | Killed Grinder
  4509 | D:6      | Reached skill level 14 in Slings
  4921 | D:6      | Reached skill level 1 in Shields
  5104 | D:7      | Reached skill level 1 in Armour
  5286 | D:7      | Found a staircase to the Ecumenical Temple.
  5301 | Temple   | Entered the Ecumenical Temple
  5353 | Temple   | Became a worshipper of Warmaster Okawaru
  5459 | D:7      | Reached XP level 9. HP: 50/55 MP: 9/9
  6347 | D:7      | Reached * piety under Okawaru
  6681 | D:7      | Reached skill level 5 in Shields
  7165 | D:8      | Reached XP level 10. HP: 63/63 MP: 10/10
  7171 | D:8      | Found Peigum's General Store.
  7477 | D:8      | Reached skill level 1 in Evocations
  7480 | D:8      | Reached ** piety under Okawaru
  7481 | D:8      | Reached skill level 5 in Dodging
  7496 | D:8      | Reached skill level 1 in Invocations
  7839 | D:8      | Found a burning altar of Makhleb.
  7841 | D:8      | Noticed a balrug
  8250 | D:9      | Found Tycusoan's Gadget Boutique.
  8326 | D:9      | Found Xinyih's General Store.
  8412 | D:9      | Reached skill level 5 in Armour
  8466 | D:8      | Bought a box of beasts for 440 gold pieces
  8717 | D:9      | Found Xymikaom's Antique Armour Shop.
  8926 | D:9      | Found Juntue's Armour Emporium.
  9029 | D:9      | Reached *** piety under Okawaru
  9031 | D:9      | Noticed a komodo dragon
  9063 | D:9      | Reached skill level 5 in Fighting
  9091 | D:9      | Received a gift from Okawaru
  9134 | D:9      | Noticed a six-headed hydra
  9145 | D:9      | Killed a six-headed hydra
  9146 | D:9      | Reached XP level 11. HP: 69/72 MP: 13/13
  9194 | D:9      | Found a staircase to the Orcish Mines.
  9196 | D:9      | Found a staircase to the Lair.
  9214 | D:9      | Reached skill level 5 in Evocations
  9407 | D:10     | Entered Level 10 of the Dungeon
  9410 | D:10     | Found Iffuergh's Magic Scroll Shoppe.
  9497 | D:10     | Found Losupten's Antique Armour Emporium.
  9795 | D:10     | Reached **** piety under Okawaru
 10009 | D:10     | Noticed Gastronok
 10033 | D:10     | Killed Gastronok
 10179 | D:10     | Found Rotaun's Armour Emporium.
 10204 | D:10     | Found Hidafami's Assorted Antiques.
 10207 | D:10     | Bought a scroll labelled JYJYEDGH ZIYS for 32 gold pieces
 10207 | D:10     | Bought a metallic yellow potion for 28 gold pieces
 10396 | Lair:1   | Entered Level 1 of the Lair of Beasts
 10404 | Lair:1   | Got a pair of pitted boots
 10410 | Lair:1   | Identified the +1 pair of boots "Jetro" {rElec rN+ Dex-4}
                  | (You found it on level 1 of the Lair of Beasts)
 10453 | Lair:1   | Reached skill level 5 in Invocations
 10672 | Lair:1   | Received a gift from Okawaru
 10981 | Lair:1   | Reached ***** piety under Okawaru
 11345 | Lair:1   | Noticed a five-headed hydra
 11352 | Lair:1   | Reached XP level 12. HP: 77/79 MP: 16/16
 11399 | Lair:1   | Killed a five-headed hydra
 11423 | Lair:1   | Noticed a six-headed hydra
 11441 | Lair:1   | Killed a six-headed hydra
 11919 | Lair:1   | Noticed a six-headed hydra
 11921 | Lair:1   | Noticed a five-headed hydra
 11976 | Lair:1   | Killed a five-headed hydra
 12333 | Lair:1   | Killed a six-headed hydra
 12333 | Lair:1   | Received a gift from Okawaru
 12512 | Lair:1   | Noticed a four-headed hydra
 12534 | Lair:1   | Received a gift from Okawaru
 12667 | Lair:1   | Noticed Fannar
 12706 | Lair:1   | Killed a four-headed hydra
 12737 | Lair:1   | Killed Fannar
 13122 | Lair:2   | Received a gift from Okawaru
 13783 | Lair:2   | Found a hole to the Spider Nest.
 14480 | Lair:2   | Reached XP level 13. HP: 69/86 MP: 18/18
 15791 | Lair:3   | Found a staircase to the Shoals.
 16230 | Lair:3   | Noticed Sonja
 16238 | Lair:3   | Killed Sonja
 16289 | Lair:3   | Noticed a five-headed hydra
 16304 | Lair:3   | Killed a five-headed hydra
 16304 | Lair:3   | Received a gift from Okawaru
 16921 | D:11     | Reached skill level 10 in Evocations
 17160 | D:11     | Noticed Maurice
 17200 | D:11     | Killed Maurice
 17315 | D:11     | Received a gift from Okawaru
 17566 | D:11     | HP: 1/88 [acid (8)]
 18092 | D:11     | Received a gift from Okawaru
 18848 | D:12     | Found a flagged portal.
 18965 | Bailey   | Entered a bailey
 19253 | Bailey   | Found a roughly hewn altar of Beogh.
 19564 | D:12     | Received a gift from Okawaru
 19590 | D:12     | Reached XP level 14. HP: 50/94 MP: 20/20
 20254 | D:12     | Received a gift from Okawaru
 20393 | Orc:1    | Entered Level 1 of the Orcish Mines
 20410 | Orc:1    | Noticed Erolcha
 20424 | Orc:1    | Killed Erolcha
 20425 | Orc:1    | Reached skill level 10 in Armour
 20569 | Orc:2    | Entered Level 2 of the Orcish Mines
 20585 | Orc:2    | Found a bloodstained altar of Trog.
 20658 | Orc:1    | Found a dark tunnel.
 20667 | Volcano  | Entered a volcano
 20880 | Volcano  | Found a burning altar of Makhleb.
 20901 | Volcano  | Reached ****** piety under Okawaru
 20923 | Volcano  | Reached skill level 10 in Dodging
 21204 | Volcano  | Noticed a red draconian
 21224 | Volcano  | Killed a red draconian
 21224 | Volcano  | Received a gift from Okawaru
 21953 | Orc:1    | Received a gift from Okawaru
 22113 | Orc:1    | You fall into a shaft and drop 1 floor!
 22113 | Orc:2    | Found a roughly hewn altar of Beogh.
 22470 | Orc:2    | Found a staircase to the Elven Halls.
 22649 | Orc:2    | Found Diliux's Antique Weapon Shoppe.
 23166 | Orc:2    | Found Arerr's Magic Scroll Boutique.
 23193 | Orc:2    | Found Bunugidi's Antique Weapon Boutique.
 23218 | Orc:2    | Found Yrghealo's Distillery.
 23533 | D:9      | Bought the +7 Kryia's mail coat {PotionHeal*2 rC+} for 840
                  | gold pieces
 23533 | D:9      | Found the +7 Kryia's mail coat {PotionHeal*2 rC+}
 23765 | Lair:4   | Noticed Snorg
 23784 | Lair:4   | Killed Snorg
 23784 | Lair:4   | Received a gift from Okawaru
 24800 | Lair:5   | Found a staircase to the Slime Pits.
 24961 | Lair:5   | Paralysed by a floating eye for 4 turns
 24969 | Lair:5   | Reached XP level 15. HP: 101/101 MP: 22/22
 25057 | Lair:5   | Reached skill level 15 in Slings
 25405 | Lair:5   | Noticed Kirke
 25416 | Lair:5   | Received a gift from Okawaru
 25431 | Lair:5   | Killed Kirke
 25467 | Lair:5   | Received a gift from Okawaru
 25965 | Lair:5   | Identified a scroll of acquirement
 25966 | Lair:5   | Acquired a manual of Shields
 26215 | Lair:5   | Reached skill level 10 in Shields
 26215 | Lair:5   | Reached skill level 10 in Invocations
 26429 | Lair:6   | Entered Level 6 of the Lair of Beasts
 27048 | Lair:6   | Found the +8 frozen axe "Frostbite" {freezing cloud, *Noise
                  | +Fly rC+}
 27831 | Lair:6   | Demolished by a catoblepas

Illustrated notes

Levels and vault maps discovered:
D:1:      kilobyte_arrival_exit_the_forest, layout_basic, minmay_misc_feat_tiny
D:2:      layout_loops_ring, general_overflow_altar,
          nicolae_gozag_cash_rules_everything_around_me
D:3:      layout_basic, kennysheep_vampire_church,
          chequers_ecumenical_altar_simple_redux, hangedman_glass_teeth,
          chequers_serial_rivers_micro_b, elyvilon_altar_4
D:4:      layout_basic
D:5:      layout_gridville, uniq_grinder
D:6:      layout_basic
D:7:      layout_basic, minmay_temple_entry_antechambers, serial_undead,
          serial_undead_e, serial_undead_b, serial_undead_f, serial_undead_f
D:8:      layout_rooms, serial_shops, nicolae_shop_trees,
          makhleb_altar_promises_db
D:9:      layout_basic, due_lair_maze_entry_diamond, orc_0_dummy, serial_shops,
          shop, nicolae_shop_statue_plus, shop, shop_fountains
D:10:     layout_roguey, serial_shops, nicolae_shop_stone, kennysheep_mini_moat,
          shop, kennysheep_mini, uniq_gastronok
D:11:     layout_basic, corexii_hall_statues_deadend, uniq_maurice
D:12:     layout_small_grid, enter_bailey_8
Temple:   regret_index_temple_chain_breaker
Lair:1:   layout_gridlike, grunt_megastairs_2, uniq_fannar
Lair:2:   layout_layer_cave, spider_nest_entry_funnel_web, grunt_megastairs_5
Lair:3:   layout_misc_corridors, minmay_shoals_entry_beasts, uniq_sonja
Lair:4:   layout_cave_pods, uniq_snorg
Lair:5:   layout_roguey [special_room_bee], minmay_slime_entry_oklob_open,
          serial_rivers, chequers_serial_rivers_micro_b,
          chequers_serial_rivers_small_a, chequers_serial_rivers_micro_a,
          chequers_serial_rivers_small_b, chequers_serial_rivers_micro_c,
          chequers_serial_rivers_marsh, special_room
          [special_room_mythical_zoo], st_stairs_10, disabler_island,
          lemuel_fruit_fields, lemuel_fruit_tree, uniq_kirke
Lair:6:   hangedman_lair_in_review, layout_misc_corridors,
          guppyfry_lair_end_dragon
Orc:1:    layout_caves, enter_volcano_1, nicolae_orc_lava_tube,
          nicolae_orc_lava_room, uniq_erolcha
Orc:2:    st_orc_elflike, layout_caves, basic_altar, bloody_trog

Skill      XL: |  1  2  3  4  5  6  7  8  9 10 11 12 13 14 15 |
---------------+----------------------------------------------+-----
Slings         | 6 7 9 11 12 14 15 | 15.8
Fighting       | 2 3 5 6 7 8 9 |  9.9
Shields        | 2 5 6 8 10 | 10.9
Armour         | 1 4 5 7 8 9 11 12 | 12.7
Dodging        | 3 4 6 7 8 9 10 11 | 11.4
Evocations     | 4 7 9 10 12 | 12.0
Invocations    | 3 5 7 8 9 10 | 10.0
Stealth        | |  1.1

Action                   |  1- 3 |  4- 6 |  7- 9 | 10-12 | 13-15 || total
-------------------------+-------+-------+-------+-------+-------++-------
Melee: Hunting sling     |       |       |       |       |     6 ||     6
       Unarmed           |       |       |       |       |     2 ||     2
 Fire: Hunting sling     |    78 |   183 |   472 |  1199 |  2465 ||  4397
Throw: Dart              |       |     1 |    11 |    11 |    28 ||    51
Invok: Heroism           |       |       |       |     4 |     8 ||    12
       Finesse           |       |       |       |     3 |     2 ||     5
Evoke: Wand              |       |       |     2 |     4 |     9 ||    15
       Box of beasts     |       |       |       |     2 |     4 ||     6
  Use: Potion            |     1 |     1 |     1 |     3 |     3 ||     9
       Scroll            |       |     4 |    12 |    15 |    14 ||    45
Armor: Leather armour    |     3 |    20 |    13 |    34 |       ||    70
       Skin              |       |       |       |    19 |    38 ||    57
       Ring mail         |       |       |       |    28 |   102 ||   130
       Scale mail        |       |       |       |     6 |   113 ||   119
Dodge: Dodged            |     7 |    52 |    88 |   212 |   453 ||   812
Block: Buckler           |       |       |       |   185 |   402 ||   587
       Reflection        |       |       |       |     6 |    28 ||    34

Table legend: (Time is in decaauts)
 A = Elapsed time spent in this place.
 B = Non-inter-level travel time spent in this place.
 C = Inter-level travel time spent in this place.
 D = Time resting spent in this place.
 E = Time spent auto-exploring this place.
 F = Levels seen in this place.
 G = Mean time per level.
                   A        B        C        D        E       F      G
               +--------+--------+--------+--------+--------+-----+--------+
         Total |  26160 |  25091 |   1069 |   6402 |  13197 |  23 | 1137.4 |
       Dungeon |  13090 |  12353 |    737 |   2692 |   6968 |  12 | 1090.8 |
        Temple |     64 |     52 |     12 |      0 |     49 |   1 |   64.0 |
          Lair |   9849 |   9560 |    289 |   3212 |   4498 |   6 | 1641.5 |
  Orcish Mines |   1917 |   1887 |     30 |    211 |   1065 |   2 |  958.5 |
        Bailey |    336 |    336 |      0 |      0 |    203 |   1 |  336.0 |
       Volcano |    902 |    902 |      0 |    287 |    412 |   1 |  902.0 |
               +--------+--------+--------+--------+--------+-----+--------+

Top non-repeatable levels by time:
  Lair:1: 2584 daAuts
     D:7: 2156 daAuts
  Lair:2: 1931 daAuts
    D:11: 1695 daAuts
  Lair:5: 1503 daAuts
  Lair:3: 1485 daAuts
    D:12: 1317 daAuts
     D:5: 1302 daAuts
  Lair:6: 1281 daAuts
   Orc:2: 1262 daAuts
     D:9: 1132 daAuts
  Lair:4: 1061 daAuts
    D:10: 925 daAuts
     D:8: 913 daAuts
 Volcano: 902 daAuts
